AoeStats
← phoenixlau.vn

Arabia

507915029Analyzed
1v1 RM · 12d ago on Sep 20, 2026· 48m 29s· 2 players
Game mode
Random Map
Map size
Tiny (2 player)
Population
200
Speed
Normal
Resources
Standard
Victory
Conquest
Starting age
Dark Age
Ending age
Imperial Age
RankedLock teamsTeams togetherTeam positionsShared explorationLock speedFull tech treeHidden civsTurbo modeCheats
Victory
Defeat
🇨🇳 Britons · China
585
+18
🇻🇳 Ethiopians · Vietnam
634
-27
帝国的铁手
12:37 Feudal Age
18:37 Castle Age
17:55 Double-Bit Axe
18:13 Horse Collar
22:50 Loom
24:33 Heavy Plow
30:13 Gold Mining
30:18 Pikeman
30:59 Squires
31:03 Scale Mail Armor
31:50 Bow Saw
36:08 Wheelbarrow
36:40 Husbandry
37:50 Husbandry
38:18 Ballistics
39:58 Elite Skirmisher
41:23 Gold Shaft Mining
42:20 Chain Mail Armor
42:05 Padded Archer Armor
41:56 Fletching
45:15 Imperial Age
44:52 Light Cavalry
46:13 Leather Archer Armor
45:54 Bodkin Arrow
46:31 Plate Mail Armor
46:06 Scale Barding Armor
45:27 Onager
46:19 Halberdier
48:14 Warwolf
48:36 Conscription
48:39 Yeomen
phoenixlau.vn
6:45 Loom
10:19 Feudal Age
11:12 Double-Bit Axe
11:09 Horse Collar
24:30 Wheelbarrow
26:10 Castle Age
25:40 Wheelbarrow
25:38 Gold Mining
26:27 Fletching
27:15 Crossbowman
28:37 Thumb Ring
29:58 Husbandry
31:28 Hand Cart
31:02 Town Watch
32:34 Bow Saw
32:20 Stone Mining
36:13 Thumb Ring
36:28 Forging
36:18 Bodkin Arrow
36:24 Padded Archer Armor
43:35 Gold Shaft Mining
43:37 Stone Shaft Mining
50:41 Imperial Age
Connection lost

Rejoining the realm…

Still unreachable

The connection could not be restored.

Session expired

The server has moved on; the page needs a fresh start.